 Dungeon Crawl Stone Soup version 0.30.1-11-g7821555f0a (webtiles) character file.

Game seed: 17933732340252563

477 andronian the Sneak (level 6, -5/38 HPs)
             Began as a Deep Elf Conjurer on Nov 29, 2023.
             Was an Initiate of Yredelemnul.
             Slain by an ogre
             ... wielding a +0 giant spiked club
              (29 damage)
             ... in the Ecumenical Temple.
             The game lasted 00:09:23 (6117 turns).

andronian the Sneak (Deep Elf Conjurer)             Turns: 6117, Time: 00:09:23

Health: -5/38      AC:  6    Str: 10    XL:     6   Next: 85%
Magic:  10/12      EV: 12    Int: 25    God:    Yredelemnul [......]
Gold:   333        SH:  0    Dex: 13    Spells: 6/11 levels left

rFire   . . .        o - +1 short sword (elec)
rCold   . . .        (no shield)
rNeg    . . .        a - +0 robe
rPois   .            z - +2 helmet
rElec   .            (no cloak)
rCorr   .            (no gloves)
SInv    .            c - +0 pair of boots
Will    .....        n - amulet of regeneration
Stlth   +++          q - +6 ring of strength
HPRegen 1.06/turn    (no ring)
MPRegen 0.13/turn

%: no passive effects
@: very slightly contaminated
A: no striking features
a: Renounce Religion, Recall Undead Harvest


You were in the Ecumenical Temple.
You worshipped Yredelemnul.
Yredelemnul was noncommittal.
You visited 2 branches of the dungeon, and saw 6 of its levels.

You collected 333 gold pieces.

Inventory:

Hand Weapons
 o - a +1 short sword of electrocution (weapon)
Armour
 a - a +0 robe (worn)
 c - a +0 pair of boots (worn)
 z - a +2 helmet (worn)
Jewellery
 b - an amulet of guardian spirit
 n - an amulet of regeneration (around neck)
 q - a +6 ring of strength (left hand)
 v - a ring of fire
 B - a ring of poison resistance
Scrolls
 d - 2 scrolls of fog {unknown}
 e - a scroll of torment {unknown}
 f - a scroll of immolation
 h - a scroll of magic mapping {unknown}
 i - 2 scrolls of fear {unknown}
 j - 2 scrolls of amnesia {unknown}
 k - a scroll of blinking
 p - a scroll of vulnerability {unknown}
 s - 2 scrolls of noise {unknown}
 u - 2 scrolls of poison {unknown}
 y - a scroll of teleportation {unknown}
 A - a scroll of identify
 C - a scroll of enchant weapon {unknown}
Potions
 g - a potion of flight
 l - a potion of invisibility {unknown}
 m - 3 potions of brilliance
 r - a potion of attraction
 t - a potion of might {unknown}
 w - a potion of curing
 x - a potion of heal wounds {unknown}


   Skills:
 + Level 3.9 Fighting
 - Level 2.9 Dodging
 + Level 7.0 Stealth
 - Level 3.0 Spellcasting
 - Level 4.3 Conjurations


You had 6 spell levels left.
You knew the following spells:

 Your Spells              Type           Power      Damage    Failure   Level
a - Magic Dart            Conj           100%       1d8       1%          1
b - Searing Ray           Conj           50%        2d6       2%          2
c - Cigotuvi's Dreadful   Necr/Pois/Air  6%         N/A       16%         2

Your spell library contained the following spells:

 Spells                   Type           Power      Damage    Failure   Level
 Dazzling Flash           Conj/Hex       28%        N/A       12%         3
 Ignite Poison            Fire/Tmut/Pois 3%         N/A       30%         3
 Fulminant Prism          Conj/Hex       7%         3d7       38%         4
 Iskenderun's Mystic Bla  Conj/Tloc      14%        2d5       38%         4
 Freezing Cloud           Conj/Ice/Air   5%         6-21      83%         5


Dungeon Overview and Level Annotations

Branches:
Dungeon (5/15)             Temple (1/1) D:5

Altars:
Ashenzari
Elyvilon
Hepliaklqana
Nemelex Xobeh
Qazlal
Sif Muna
Trog
Uskayaw
Vehumet
Yredelemnul
Zin

Annotations:
D:5 Dowan


Message History

An ogre is nearby!
Casting: Searing Ray (safe; 2% risk of failure)
Confirm with . or Enter, or press ? or * to list all spells.
Aiming: Magic Dart (safe; 1% risk of failure)
Press: ? - help, Shift-Dir - straight line, f - ogre
Aim: an ogre, wielding a +0 giant spiked club (wandering, hasn't noticed you, 100% to hit)
The magic dart hits the ogre.
The ogre is lightly wounded.
The ogre shouts!
Okay, then.
There is a staircase to the Ecumenical Temple here.
You can't go up here!
HP restored.
Your water moccasin zombie bites the ogre.
You climb downwards.
Welcome back to the Ecumenical Temple!
There is a staircase back to the Dungeon here.
You start resting.
Magic restored.
You climb upwards.
Welcome back to the Dungeon!
Level annotation: Dowan The iguana closely misses you.
The ogre barely misses you. The iguana barely misses you.
There is a staircase to the Ecumenical Temple here.
The ogre hits you with a +0 giant spiked club!
The iguana barely misses you.
You climb downwards.
Welcome back to the Ecumenical Temple!
There is a staircase back to the Dungeon here.
Casting: Magic Dart (safe; 1% risk of failure)
Confirm with . or Enter, or press ? or * to list all spells.
Aiming: Searing Ray (safe; 2% risk of failure)
Press: ? - help, Shift-Dir - straight line, f - iguana
Aim: an iguana (82% to hit)
You miscast Searing Ray.
You are very lightly contaminated with residual magic.
Nothing appears to happen.
The iguana splashes around in the water.
The ogre hits you with a +0 giant spiked club!!
Ouch! That really hurt!
You die...
Your body rises from the dead as a mindless zombie.

~♣ ♣♣≈≈≈≈≈≈≈≈≈≈≈~~♣♣♣♣
~...♣♣~~≈≈≈≈≈≈§≈~~~....♣
.~.....~~≈~≈≈≈≈~≈.......
.§~...~...~≈~~~~......~~
...♣...~....~~~~~~~~~~~
♣.....♣....~.~~~~~~...
♣.........♣....~~~._.
♣♣.Ol..♣♣♣♣..........
♣..@..♣♣♣♣.........~
♣...§~...♣♣....§..~≈
...~........~...~♣..~~≈
_....~...~.§_........≈≈~
...._§~..~♣.§~..♣♣♣..~~~
.~~......§♣♣..§..♣♣.~~~♣
.~~~~~..♣.♣♣.....♣♣.~~~♣
..~~~~....~~~.._...♣§~~♣
.~~~~.....§.~.....♣.~~~


You could see an ogre and an iguana.

Vanquished Creatures
  A water moccasin (D:5)
  Duvessa (D:5)
  A howler monkey (D:5)
  An iguana (D:5)
  Natasha (D:2)
  2 orc wizards (D:5)
  A howler monkey zombie (D:5)
  4 adders
  A shadow imp (D:5)
  A dart slug (D:1)
  4 orcs
  9 bats
  7 endoplasms
  A giant cockroach (D:1)
  5 goblins
  4 hobgoblins
  6 jackals (D:3)
  3 kobolds
  A quokka (D:1)
  3 ball pythons
  2 frilled lizards
  4 rats (D:1)
63 creatures vanquished.

Vanquished Creatures (collateral kills)
  Natasha (D:2)
  An endoplasm (D:1)
  2 hobgoblins
  A kobold (D:3)
  A rat (D:2)
6 creatures vanquished.

Vanquished Creatures (others)
  An adder zombie (D:2)
  A bat zombie (D:2)
  An endoplasm zombie (D:4)
  A hobgoblin zombie (D:2)
  3 jackal zombies (D:3)
  2 orc zombies
  A rat zombie (D:2)
10 creatures vanquished.

Grand Total: 79 creatures vanquished

Notes
Turn   | Place    | Note
-------+----------+-------------------------------------------
     0 | D:1      | andronian the Deep Elf Conjurer began the quest for the
                  | Orb.
     0 | D:1      | Reached XP level 1. HP: 10/10 MP: 6/6
   160 | D:1      | Reached XP level 2. HP: 14/15 MP: 4/8
   351 | D:1      | Reached skill level 3 in Stealth
   769 | D:1      | Found a faded altar of an unknown god.
   776 | D:1      | Prayed at the altar of an unknown god.
   776 | D:1      | Became a worshipper of Yredelemnul the Dark
   776 | D:1      | Reached * piety under Yredelemnul
   966 | D:1      | Reached skill level 1 in Fighting
  1137 | D:2      | Reached XP level 3. HP: 19/20 MP: 2/9
  1205 | D:2      | Noticed Natasha
  1215 | D:2      | Killed Natasha
  1216 | D:2      | Reached skill level 4 in Stealth
  1982 | D:2      | Noticed Natasha
  1997 | D:2      | Killed Natasha
  1998 | D:2      | Reached XP level 4. HP: 13/26 MP: 7/10
  2238 | D:3      | Found a stormy altar of Qazlal.
  3311 | D:4      | Found a white marble altar of Elyvilon.
  3453 | D:4      | Learned a level 2 spell: Searing Ray
  3456 | D:4      | Learned a level 2 spell: Cigotuvi's Dreadful Rot
  3549 | D:4      | Reached skill level 5 in Stealth
  3635 | D:4      | Reached XP level 5. HP: 25/25 MP: 8/11
  4075 | D:5      | Entered Level 5 of the Dungeon
  4075 | D:5      | Noticed an ogre
  5700 | D:5      | Noticed Duvessa
  5714 | D:5      | Killed Duvessa
  5715 | D:5      | Reached skill level 6 in Stealth
  5715 | D:5      | Reached XP level 6. HP: 16/37 MP: 8/12
  5743 | D:5      | Noticed Dowan
  5821 | D:5      | Found a broken altar of Ashenzari.
  5844 | D:5      | Noticed a +0 dagger
  5846 | D:5      | Noticed a +0 spear
  5848 | D:5      | Noticed a +0 short sword
  5848 | D:5      | Noticed a +0 short sword
  5849 | D:5      | Noticed a +0 dagger
  5849 | D:5      | Noticed a +0 falchion
  5849 | D:5      | Noticed a +0 falchion
  5851 | D:5      | Noticed a +0 spear
  5871 | D:5      | Found a hide-covered altar of Uskayaw.
  5961 | D:5      | Found a staircase to the Ecumenical Temple.
  5972 | Temple   | Entered the Ecumenical Temple
  6013 | D:5      | Noticed a water moccasin
  6022 | D:5      | Killed a water moccasin
  6023 | D:5      | Reached skill level 7 in Stealth
  6117 | Temple   | Slain by an ogre

Illustrated notes

Levels and vault maps discovered:
D:1:      dpeg_arrival_subterranean_lakeside_camping, layout_basic,
          dreamdust_ecumenical_altar_hidden_monk_grotto,
          minmay_misc_feat_diagonals, hangedman_abyss_or_decor_lesser_grid,
          minmay_pentomino_p2
D:2:      layout_basic, serial_bayou_pond_a, kennysheep_generic_room_13,
          uniq_natasha
D:3:      layout_loops_corners, mainiacjoe_overflow_alcove_4,
          nicolae_elevator_lobby_plus
D:4:      layout_loops_ring, nicolae_elyvilon_peaceful_grove, skrybe_limestone_x
D:5:      layout_basic, mainiacjoe_overflow_six_doors_small,
          nicolae_uskayaw_en_pointe, minmay_temple_entry_arrows, uniq_duvessa
Temple:   nicolae_temple_bog_church

Skill      XL: |  1  2  3  4  5  6 |
---------------+-------------------+-----
Stealth        | 3 4 5 6 7 |  7.0
Fighting       | 1 2 3 |  3.9
Dodging        | |  2.9
Spellcasting   | |  3.0
Conjurations   | |  4.3

Action                     |  1- 3 |  4- 6 || total
---------------------------+-------+-------++-------
  Melee: Short sword       |     3 |     4 ||     7
   Cast: Magic Dart        |    62 |    69 ||   131
         Cigotuvi's Dreadf |       |     3 ||     3
         Searing Ray       |       |    12 ||    12
    Use: Scroll            |       |     5 ||     5
         Potion            |       |     1 ||     1
 Armour: Robe              |       |    10 ||    10
  Dodge: Dodged            |     7 |    15 ||    22
